 Dungeon Sprint DCSS version 0.21-a0-349-g0c35859 (webtiles) character file.

2449 Kidiri the Fighter (level 9, -4/75 HPs)
             Began as a Demonspawn Transmuter on Oct 7, 2017.
             Was the Champion of Jiyva.
             Killed from afar by an efreet (22 damage)
             ... with a fireball
             ... in the Dungeon (Sprint VII: "The Pits").
             The game lasted 00:09:13 (1033 turns).

Kidiri the Fighter (Demonspawn Transmuter)          Turns: 1033, Time: 00:09:14

Health: -4/75      AC:  0    Str: 10    XL:     9   Next: 25%
Magic:  0/23       EV: 20    Int: 17    God:    Jiyva [******]
Gold:   0          SH:  0    Dex: 17    Spells: 11/24 levels left

rFire    . . .     SeeInvis .     - Unarmed
rCold    . . .     Gourm    .   (shield currently unavailable)
rNeg     . . .     Faith    .   (no armour)
rPois    .         Spirit   +   (helmet restricted)
rElec    .         Reflect  .   (no cloak)
rCorr    +         Harm     .   (gloves currently unavailable)
MR       .....     Clarity  +   (no boots) Stlth +.........NoTele +
                                (no amulet)
HPRegen  0.22/turn              (no ring)
MPRegen  0.18/turn              (no ring)

@: lethally poisoned (-4 -> -6), blade hands
A: hooves 1, horns 2, repulsion field 1, agile 1, clarity, demonic guardian 2,
high mp 1, eyeballs 2, pseudopods 1, jelly sensing items, jelly absorbing
missiles, magic shield
a: End Transformation, Request Jelly, Slimify, Cure Bad Mutation, Renounce
Religion


You were in the Dungeon.
You worshipped Jiyva.
Jiyva was exalted by your worship.
You were very full.
You had blades for hands.
You visited 1 branch

Inventory:

Missiles
 a - 12 arrows
 t - 2 throwing nets (quivered)
Armour
 b - a +0 robe
Wands
 r - a wand of acid (5/15)
Scrolls
 j - a scroll of blinking
 k - 3 scrolls of remove curse
 l - 5 scrolls of amnesia
 m - a scroll of summoning
Potions
 e - 6 potions of curing
 f - 2 potions of invisibility
 g - a potion of haste
 h - 4 potions of magic
 i - 3 potions of berserk rage
 q - 2 potions of heal wounds
Books
 c - a book of Changes

   Spells                             Type                      Level
   a - Beastly Appendage              Transmutation                1
   b - Sticks to Snakes               Transmutation                2
   c - Spider Form                    Transmutation/Poison         3
   d - Ice Form                       Ice/Transmutation            4
   e - Blade Hands                    Transmutation                5
Comestibles
 d - 8 bread rations
 n - 40 fruits
 o - 7 meat rations
 p - 10 chunks of flesh


   Skills:
 * Level 8.8 Fighting
 + Level 5.2 Armour
 * Level 8.1 Dodging
 * Level 8.5 Unarmed Combat
 * Level 8.1 Spellcasting
 * Level 7.7 Transmutations
 + Level 4.8 Ice Magic
 + Level 5.2 Poison Magic


You had 11 spell levels left.
You knew the following spells:

 Your Spells              Type           Power        Failure   Level  Hunger
a - Beastly Appendage     Tmut           ####..       11%         1    None
b - Spider Form           Tmut/Pois      ####......   22%         3    #......
c - Ice Form              Ice/Tmut       ####....     41%         4    ###....
d - Blade Hands           Tmut           ####......   50%         5    #####..


Dungeon Overview and Level Annotations

Branches:
Dungeon (1/1)

Altars:
Ashenzari
Cheibriados
Dithmenos
Elyvilon
Fedhas
Gozag
Hepliaklqana
Kikubaaqudgha
Makhleb
Nemelex Xobeh
Okawaru
Qazlal
Ru
Sif Muna
Trog
Uskayaw
Vehumet
Wu Jian
Xom
Yredelemnul
Zin
The Shining One
Beogh
Jiyva
Lugonu


Innate Abilities, Weirdness & Mutations

You have large cloven feet.
You are surrounded by a mild repulsion field. (EV +2)
A demonic guardian rushes to your aid.
When hurt, damage is shared between your health and your magic reserves.
You have a pair of horns on your head.
You are agile. (Dex +2)
You possess an exceptional clarity of mind.
You have an increased reservoir of magic. (+10% MP)
Your body has grown many golden eyes which may confuse attackers. (Acc +5)
Armour fits poorly on your pseudopods.
You have a small jelly attached to you that senses nearby items.
You have a small jelly attached to you that may absorb incoming projectiles.


Message History

Unknown command.
A hell hound comes into view.
The hell hound barks!
You feel sick. The smoke demon misses you.
The smoke demon closely misses you. x2
The hell hound breathes flames at you.
The blast of flame hits the efreet.
The efreet completely resists.
The blast of flame hits the smoke demon.
The smoke demon resists.
The blast of flame hits you!
Unknown command.
You slash the smoke demon!
You kick the smoke demon, but do no damage.
Your bludgeon misses the smoke demon.
The smoke demon is moderately wounded.
The smoke demon gestures at you. Something smites you!
* * * LOW HITPOINT WARNING * * *
The efreet gestures at you.
The fireball explodes!
The fireball engulfs the smoke demon.
The smoke demon resists.
The fireball engulfs you!
You die...

.J...#..#......#
...............+
...............+
.....#..#......#
..............J#
##.#####J'######
......##''######### ###
......##..........#.....
......##J......4@3Rh§.§.
..<...##..#####...#####+
......##... #.......
......##..#. #........
......##..#r. #.#####..#
########..# ###.' .#
########... ..# #
.#....##... ..# .#....#


You could see a smoke demon, an efreet, a hell hound and a friendly orange
demon.

Vanquished Creatures
  Harold (D)
  2 kobold demonologists (D)
  A swamp drake (D)
  An ice beast (D)
  A wolf (D)
  4 big kobolds (D)
  A gnoll sergeant (D)
  A crimson imp (D)
  5 gnolls (D)
  2 leopard geckos (D)
  4 jackals (D)
  A bat (D)
  A frilled lizard (D)
  A giant cockroach zombie (D)
  2 kobolds (D)
28 creatures vanquished.

Vanquished Creatures (collateral kills)
  A deep elf mage (D)
  A merfolk (D)
  2 hell hounds (D)
  2 porcupines (D)
  A phantom (D)
  An ice beast (D)
  A small abomination (D)
  An iguana (D)
  5 gnolls (D)
  An adder (D)
  A river rat (D)
  2 hobgoblins (D)
  A ball python (D)
20 creatures vanquished.

Vanquished Creatures (others)
  13 jellies (D)
  A gnoll (D)
  3 jackals (D)
  3 kobolds (D)
20 creatures vanquished.

Grand Total: 68 creatures vanquished

Notes
Turn   | Place    | Note
-------+----------+-------------------------------------------
     0 | D        | Kidiri the Demonspawn Transmuter began the quest for the Orb.
     0 | D        | Reached XP level 1. HP: 15/15 MP: 3/3
    28 | D        | Found a bloodstained altar of Trog.
    28 | D        | Found a deep blue altar of Sif Muna.
    28 | D        | Found a viscous altar of Jiyva.
    28 | D        | Found a hazy altar of Hepliaklqana.
    28 | D        | Found an opulent altar of Gozag.
    29 | D        | Found a glowing golden altar of the Shining One.
    29 | D        | Found a glowing silver altar of Zin.
    29 | D        | Found a basalt altar of Yredelemnul.
    29 | D        | Found a shimmering altar of Xom.
    29 | D        | Found an ornate altar of the Wu Jian Council.
    29 | D        | Found a sacrificial altar of Ru.
    29 | D        | Found a stormy altar of Qazlal.
    29 | D        | Found an iron altar of Okawaru.
    29 | D        | Found a sparkling altar of Nemelex Xobeh.
    29 | D        | Found a burning altar of Makhleb.
    29 | D        | Found a blossoming altar of Fedhas.
    29 | D        | Found a white marble altar of Elyvilon.
    29 | D        | Found a shadowy altar of Dithmenos.
    29 | D        | Found a snail-covered altar of Cheibriados.
    32 | D        | Found a corrupted altar of Lugonu.
    32 | D        | Found a radiant altar of Vehumet.
    32 | D        | Found a roughly hewn altar of Beogh.
    34 | D        | Became a worshipper of Jiyva Joaphohi the Shapeless
    35 | D        | Found a shattered altar of Ashenzari.
    35 | D        | Found an ancient bone altar of Kikubaaqudgha.
    35 | D        | Found a hide-covered altar of Uskayaw.
    71 | D        | Reached * piety under Jiyva
    71 | D        | Reached ** piety under Jiyva
    73 | D        | Reached *** piety under Jiyva
    74 | D        | Reached **** piety under Jiyva
    74 | D        | Gained mutation: Your body has grown golden eyes which may confuse attackers. (Acc +3) [Jiyva's grace]
    75 | D        | Gained mutation: You have a small jelly attached to you that may absorb incoming projectiles. [Jiyva's grace]
    75 | D        | Reached ***** piety under Jiyva
    75 | D        | Gained mutation: Scrolls take you a little longer to read. [Jiyva's grace]
    75 | D        | Gained mutation: You are weak. (Str -2) [Jiyva's grace]
    77 | D        | Reached ****** piety under Jiyva
    77 | D        | Lost mutation: You are weak. (Str -2) [Jiyva's grace]
    78 | D        | Lost mutation: You have a small jelly attached to you that may absorb incoming projectiles. [Jiyva's grace]
    79 | D        | Gained mutation: You are covered in slimy tendrils that may disarm your opponents. [Jiyva's grace]
    81 | D        | Lost mutation: Scrolls take you a little longer to read. [Jiyva's grace]
    81 | D        | Gained mutation: You expend magic power (3 MP) to strengthen your wands. [Jiyva's grace]
    84 | D        | Gained mutation: You have an increased reservoir of magic. (+10% MP) [Jiyva's grace]
    84 | D        | Lost mutation: You expend magic power (3 MP) to strengthen your wands. [Jiyva's grace]
    85 | D        | Gained mutation: You are clumsy. (Dex -2) [Jiyva's grace]
    87 | D        | Lost mutation: You are clumsy. (Dex -2) [Jiyva's grace]
    90 | D        | Gained mutation: Your flesh is cold resistant. (rC+) [Jiyva's grace]
    93 | D        | Lost mutation: Your flesh is cold resistant. (rC+) [Jiyva's grace]
    93 | D        | Gained mutation: Your translucent skin slightly reduces your foes' accuracy. (Stealth) [Jiyva's grace]
    94 | D        | Gained mutation: You have large cloven feet. [demonic ancestry]
    94 | D        | Reached XP level 2. HP: 8/22 MP: 6/6
    98 | D        | Lost mutation: Your body has grown golden eyes which may confuse attackers. (Acc +3) [Jiyva's grace]
   100 | D        | Lost mutation: You are covered in slimy tendrils that may disarm your opponents. [Jiyva's grace]
   102 | D        | Gained mutation: You possess an exceptional clarity of mind. [Jiyva's grace]
   163 | D        | Noticed a porcupine
   166 | D        | HP: 1/22 [porcupine (10)]
   169 | D        | Reached skill level 1 in Armour
   172 | D        | Gained mutation: You have a pair of large horns on your head. [Jiyva's grace]
   175 | D        | Killed a porcupine
   175 | D        | Gained mutation: You are surrounded by a mild repulsion field. (EV +2) [demonic ancestry]
   175 | D        | Reached XP level 3. HP: 3/29 MP: 5/8
   175 | D        | Gained mutation: When hurt, damage is shared between your health and your magic reserves. [demonic ancestry]
   175 | D        | Reached XP level 4. HP: 4/35 MP: 6/10
   189 | D        | Learned a level 3 spell: Spider Form
   198 | D        | Gained mutation: Your spells are a little harder to cast, but a little more powerful. [Jiyva's grace]
   199 | D        | Gained mutation: You are surrounded by a moderate repulsion field. (EV +3) [Jiyva's grace]
   201 | D        | Gained mutation: Your spells are harder to cast, but more powerful. [Jiyva's grace]
   202 | D        | Gained mutation: You have a small jelly attached to you that may absorb incoming projectiles. [Jiyva's grace]
   206 | D        | Gained mutation: You have a small jelly attached to you that senses nearby items. [Jiyva's grace]
   209 | D        | Learned a level 4 spell: Ice Form
   370 | D        | Noticed a porcupine
   373 | D        | Killed a porcupine
   373 | D        | Reached skill level 1 in Ice Magic
   373 | D        | Reached skill level 1 in Poison Magic
   373 | D        | Reached XP level 5. HP: 23/42 MP: 3/12
   374 | D        | Noticed a phantom
   374 | D        | Noticed an ice beast
   378 | D        | Killed an ice beast
   378 | D        | Reached skill level 5 in Unarmed Combat
   380 | D        | Killed a phantom
   380 | D        | Reached skill level 5 in Spellcasting
   383 | D        | Reached skill level 5 in Fighting
   383 | D        | Reached skill level 5 in Dodging
   455 | D        | Learned a level 5 spell: Blade Hands
   524 | D        | Reached XP level 6. HP: 51/51 MP: 10/15
   526 | D        | Noticed a merfolk
   535 | D        | Killed a merfolk
   779 | D        | Noticed an ice beast
   781 | D        | Killed an ice beast
   781 | D        | Gained mutation: A weak demonic guardian rushes to your aid. [demonic ancestry]
   781 | D        | Reached XP level 7. HP: 58/58 MP: 11/17
   786 | D        | Reached skill level 5 in Transmutations
   801 | D        | Noticed Harold
   835 | D        | Killed Harold
   835 | D        | Reached XP level 8. HP: 28/68 MP: 1/20
   881 | D        | Gained mutation: You have a pair of horns on your head. [Jiyva's grace]
   884 | D        | Gained mutation: You have sharp fingernails. [Jiyva's grace]
   887 | D        | Gained mutation: Your rubbery body absorbs attacks. (AC +1, EV +1) [Jiyva's grace]
   891 | D        | Gained mutation: Your body has grown golden eyes which may confuse attackers. (Acc +3) [Jiyva's grace]
   900 | D        | Lost mutation: You have sharp fingernails. [Jiyva's grace]
   900 | D        | Lost mutation: Your translucent skin slightly reduces your foes' accuracy. (Stealth) [Jiyva's grace]
   902 | D        | Gained mutation: Armour fits poorly on your pseudopods. [Jiyva's grace]
   905 | D        | Lost mutation: You have a pair of horns on your head. [Jiyva's grace]
   988 | D        | Noticed a kobold demonologist
   989 | D        | Noticed a kobold demonologist
   990 | D        | Noticed an ice devil
   996 | D        | Killed a kobold demonologist
   997 | D        | Noticed a deep elf mage
  1001 | D        | Killed a kobold demonologist
  1001 | D        | Reached skill level 5 in Armour
  1001 | D        | Reached skill level 5 in Poison Magic
  1001 | D        | Gained mutation: A demonic guardian rushes to your aid. [demonic ancestry]
  1001 | D        | Reached XP level 9. HP: 41/75 MP: 12/22
  1004 | D        | Lost mutation: You have a small jelly attached to you that senses nearby items. [Jiyva's grace]
  1006 | D        | Lost mutation: You are surrounded by a moderate repulsion field. (EV +3) [Jiyva's grace]
  1009 | D        | Gained mutation: You are covered in fur. (AC +1) [Jiyva's grace]
  1010 | D        | Gained mutation: You have a small jelly attached to you that senses nearby items. [Jiyva's grace]
  1010 | D        | Lost mutation: You are covered in fur. (AC +1) [Jiyva's grace]
  1014 | D        | Killed a deep elf mage
  1018 | D        | Gained mutation: Your mind is acute. (Int +2) [Jiyva's grace]
  1018 | D        | Lost mutation: Your rubbery body absorbs attacks. (AC +1, EV +1) [Jiyva's grace]
  1019 | D        | Gained mutation: You are agile. (Dex +2) [Jiyva's grace]
  1021 | D        | Lost mutation: Your spells are harder to cast, but more powerful. [Jiyva's grace]
  1025 | D        | Gained mutation: You have a pair of horns on your head. [Jiyva's grace]
  1025 | D        | Gained mutation: You can translocate small distances at will. [Jiyva's grace]
  1026 | D        | Gained mutation: Your body has grown many golden eyes which may confuse attackers. (Acc +5) [Jiyva's grace]
  1028 | D        | Lost mutation: You can translocate small distances at will. [Jiyva's grace]
  1028 | D        | Lost mutation: Your spells are a little harder to cast, but a little more powerful. [Jiyva's grace]
  1028 | D        | Lost mutation: Your mind is acute. (Int +2) [Jiyva's grace]
  1029 | D        | Noticed a smoke demon
  1030 | D        | Noticed an efreet
  1033 | D        | Killed from afar by an efreet

Vault maps used:
D:        pitsprint

Skill      XL: |  1  2  3  4  5  6  7  8  9 |
---------------+----------------------------+-----
Dodging        | 2 3 4 5 6 7 8 |  8.1
Transmutations | 2 3 4 6 7 |  7.7
Unarmed Combat | 3 4 5 6 7 8 |  8.5
Fighting       | 2 3 4 5 6 7 8 |  8.8
Armour         | 1 2 3 4 5 |  5.2
Spellcasting   | 3 4 5 6 7 8 |  8.1
Ice Magic      | 1 2 4 |  4.8
Poison Magic   | 1 2 3 4 5 |  5.2

Action                   |  1- 3 |  4- 6 |  7- 9 || total
-------------------------+-------+-------+-------++-------
Melee: Unarmed           |    21 |    19 |    56 ||    96
       Headbutt          |     1 |     1 |     3 ||     5
       Kick              |     1 |       |     7 ||     8
       Punch             |       |       |     2 ||     2
       Pseudopods        |       |       |     1 ||     1
 Cast: Beastly Appendage |     4 |       |       ||     4
       Spider Form       |       |     1 |       ||     1
       Ice Form          |       |     1 |     1 ||     2
       Blade Hands       |       |     1 |     2 ||     3
Invok: Request Jelly     |     1 |       |       ||     1
Evoke: Wand              |       |       |     1 ||     1
  Use: Potion            |     1 |       |     3 ||     4
 Stab: Distracted        |       |       |     1 ||     1
       Confused          |       |       |     1 ||     1
Armor: Robe              |     4 |       |     2 ||     6
       Skin              |       |       |     6 ||     6
Dodge: Dodged            |    24 |    12 |    86 ||   122

Table legend:
 A = Spawn XP
 B = Non-spawn XP
 C = Spawn XP percentage of total XP
 D = Spawn monster count
 E = Non-spawn monster count
 F = Spawn count percentage of total count
 G = Total turns spent on level
                    A         B        C        D         E        F      G
               +---------+---------+-------+---------+---------+-------+---------
         Total |       0 |    3499 |   0.0 |       0 |      49 |   0.0 |  1033
               +---------+---------+-------+---------+---------+-------+---------
             D |       0 |    3499 |   0.0 |       0 |      49 |   0.0 |  1033
               +---------+---------+-------+---------+---------+-------+---------
